 Dungeon Crawl Stone Soup version 0.30.1-4-g462c640d31 (webtiles) character file.

Game seed: 867867072001280328

13 lonewolfV2 the Chopper (level 2, -1/22 HPs)
             Began as a Demonspawn Gladiator on Sept 6, 2023.
             Slain by a hobgoblin (3 damage)
             ... on level 1 of the Dungeon.
             The game lasted 00:00:38 (250 turns).

lonewolfV2 the Chopper (Demonspawn Gladiator)        Turns: 250, Time: 00:00:39

Health: -1/22      AC:  4    Str: 14    XL:     2   Next: 24%
Magic:  2/2        EV: 12    Int:  9    God:
Gold:   19         SH:  0    Dex: 14    Spells: 1/1 levels left

rFire   . . .        a - +0 war axe
rCold   . . .        (no shield)
rNeg    . . .        b - +0 leather armour
rPois   .            c - +0 helmet
rElec   .            (no cloak)
rCorr   .            (no gloves)
SInv    .            (no boots)
Will    .....        (no amulet)
Stlth   +            (no ring)
HPRegen 0.23/turn    (no ring)
MPRegen 0.08/turn

%: no passive effects
@: no status effects
A: ignite blood 1
a: no special abilities


You were on level 1 of the Dungeon.
You visited 1 branch of the dungeon, and saw 1 of its levels.

You collected 19 gold pieces.

Inventory:

Hand Weapons
 a - a +0 war axe (weapon)
Missiles
 d - 3 throwing nets (quivered)
 e - a javelin
Armour
 b - a +0 leather armour (worn)
 c - a +0 helmet (worn)


   Skills:
 + Level 2.0 Fighting
 + Level 3.0 Axes
 + Level 1.9 Throwing
 + Level 3.0 Dodging


You had one spell level left.
You didn't know any spells.
Your spell library was empty.

Dungeon Overview and Level Annotations

Branches:
Dungeon (1/15)

Altars:


Innate Abilities, Weirdness & Mutations

Your demonic aura sometimes causes spilled blood to erupt in flames.


Message History

The jackal attacks as you move away!
The jackal bites you but does no damage.
You hit the jackal.
The jackal is moderately wounded.
The jackal closely misses you.
You closely miss the jackal. The jackal barely misses you.
The jackal bites you.
You hit the jackal.
The jackal is severely wounded.
The jackal barely misses you. The jackal completely misses you.
You hit the jackal.
The jackal is almost dead.
The jackal is engulfed in blazing flames.
You kill the jackal!
The jackal bites you.
* * * LOW HITPOINT WARNING * * *
The jackal bites you but does no damage.
The hobgoblin hits you.
* * * LOW HITPOINT WARNING * * *
The hobgoblin attacks as you move away! The hobgoblin closely misses you.
The jackal attacks as you move away!
The jackal bites you but does no damage.
The jackal bites you.
* * * LOW HITPOINT WARNING * * *
The hobgoblin barely misses you. The jackal barely misses you.
You slash the jackal!
You kill the jackal!
You hit the jackal. You closely miss the hobgoblin. The jackal bites you.
* * * LOW HITPOINT WARNING * * *
The hobgoblin hits you but does no damage.
The jackal barely misses you.
Your Dodging skill increases to level 3!
You closely miss the hobgoblin. You hit the jackal but do no damage.
The jackal barely misses you. The hobgoblin barely misses you.
The jackal misses you. The hobgoblin completely misses you.
You hit the hobgoblin but do no damage. You hit the jackal.
You kill the jackal!
The hobgoblin misses you.
You closely miss the hobgoblin. The hobgoblin hits you.
You die...

#.......)...#
#...........#
#......[....#
##..†........# #
#..............#
# .
...............#
.#..
...............#
....
..........g†...#
....
....#######@####
..# #... #.# ..#
#.. #.# #.# #.#
#..... #.#
#.#....# #.#
#.#....+#### #.#
#.#......... #.#
#.#......... #.#


You could see a hobgoblin.

Vanquished Creatures
  An endoplasm (D:1)
  A goblin (D:1)
  2 hobgoblins (D:1)
  4 jackals (D:1)
  A frilled lizard (D:1)
  A kobold (D:1)
  A rat (D:1)
11 creatures vanquished.

Notes
Turn   | Place    | Note
-------+----------+-------------------------------------------
     0 | D:1      | lonewolfV2 the Demonspawn Gladiator began the quest for the
                  | Orb.
     0 | D:1      | Reached XP level 1. HP: 16/16 MP: 1/1
   230 | D:1      | Gained mutation: Your demonic aura sometimes causes spilled
                  | blood to erupt in flames. [demonic ancestry]
   230 | D:1      | Reached XP level 2. HP: 11/22 MP: 2/2
   250 | D:1      | Slain by a hobgoblin

Illustrated notes

Levels and vault maps discovered:
D:1:      ebering_trefoil_3fold, layout_basic, serial_shops,
          nicolae_shop_tiny_waterfront

Skill      XL: |  1  2 |
---------------+-------+-----
Axes           | 3 |  3.0
Dodging        | 3 |  3.0
Fighting       | |  2.0
Throwing       | |  1.9

Action                     || total
---------------------------++-------
  Melee: War axe           ||    30
         Punch             ||     1
 Armour: Leather armour    ||    11
  Dodge: Dodged            ||    39
